 Dungeon Crawl Stone Soup version 0.28-a0-1415-g7c84da036a (webtiles) character file.

Game seed: 16721259999748614055

4 zap2161 the Magician (level 1, -6/10 HPs)
             Began as a Deep Elf Hedge Wizard on Jan 7, 2022.
             Mangled by a worm (11 damage)
             ... on level 2 of the Dungeon.
             The game lasted 00:06:23 (758 turns).

zap2161 the Magician (Deep Elf Hedge Wizard)         Turns: 758, Time: 00:06:25

Health: -6/10      AC:  2    Str:  7    XL:     1   Next: 58%
Magic:  0/8        EV: 12    Int: 18    God:
Gold:   36         SH:  0    Dex: 14    Spells: 7/9 levels left

rFire   . . .      SeeInvis .   a - +0 dagger
rCold   . . .      Faith    .   (no shield)
rNeg    . . .      Spirit   .   b - +0 robe
rPois   .          Reflect  .   c - +0 hat
rElec   .          Harm     .   (no cloak)
rCorr   .          Rampage  .   (no gloves)
Will    .....                   (no boots)
Stlth   ++........              (no amulet)
HPRegen 0.03/turn               (no ring)
MPRegen 0.11/turn               (no ring)

@: no status effects
A: no striking features
a: no special abilities


You were on level 2 of the Dungeon.
You visited 1 branch of the dungeon, and saw 2 of its levels.

You collected 36 gold pieces.

Inventory:

Hand Weapons
 a - a +0 dagger (weapon)
Missiles
 d - 32 arrows
Armour
 b - a +0 robe (worn)
 c - a +0 hat (worn)
Scrolls
 e - 3 scrolls of fog {unknown}
 f - 2 scrolls of identify {unknown}
 h - a scroll of teleportation {unknown}
Potions
 g - 2 potions of haste {unknown}


   Skills:
 * Level 2.6 Dodging
 + Level 2.4 Stealth
 * Level 4.7 Spellcasting
 * Level 1.1 Conjurations
 + Level 1.1 Summonings
 + Level 1.1 Translocations


You had 7 spell levels left.
You knew the following spells:

 Your Spells              Type           Power      Damage    Failure   Level
a - Magic Dart            Conj           32%        1d4       9%          1
b - Slow                  Hex            16%        N/A       14%         1

Your spell library contained the following spells:

 Spells                   Type           Power      Damage    Failure   Level
 Blink                    Tloc           16%        N/A       13%         2
 Call Imp                 Summ           8%         N/A       13%         2
 Sandblast                Erth           8%         2d5       14%         1
 Passwall                 Tmut/Erth      3%         N/A       21%         2
 Conjure Flame            Conj/Fire      6%         6-21      32%         3
 Stone Arrow              Conj/Erth      12%        3d7       32%         3
 Mephitic Cloud           Conj/Pois/Air  5%         N/A       34%         3


Dungeon Overview and Level Annotations

Branches:
Dungeon (2/15)

Altars:


Message History

The worm closely misses you.
Hit: a) +0 dagger
Press: ? - help, Dir - move target, f/p - worm
Aim: a worm (heavily wounded, about 20% to evade your +0 dagger)
You hit the worm but do no damage.
The worm is heavily wounded.
The worm bites you.
Ouch! That really hurt!
Casting: Magic Dart (safe; 9% risk of failure)
Confirm with . or Enter, or press ? or * to list all spells.
Aiming: Magic Dart (safe; 9% risk of failure)
Press: ? - help, Shift-Dir - straight line, f/p - worm
Aim: a worm (heavily wounded, 100% to hit)
The magic dart hits the worm.
The worm is heavily wounded.
Hit: a) +0 dagger
Press: ? - help, Dir - move target, f/p - worm
Aim: a worm (heavily wounded, about 20% to evade your +0 dagger)
You hit the worm.
The worm is severely wounded.
The worm bites you but does no damage.
Hit: a) +0 dagger
Press: ? - help, Dir - move target, f/p - worm
Aim: a worm (heavily wounded, about 20% to evade your +0 dagger)
You hit the worm.
The worm is severely wounded.
Hit: a) +0 dagger
Press: ? - help, Dir - move target, f/p - worm
Aim: a worm (severely wounded, about 20% to evade your +0 dagger)
You barely miss the worm.
The worm is severely wounded.
The worm completely misses you.
Hit: a) +0 dagger
Press: ? - help, Dir - move target, f/p - worm
Aim: a worm (heavily wounded, about 20% to evade your +0 dagger)
You hit the worm.
The worm is severely wounded.
The worm bites you!
Ouch! That really hurt!
You die...

###.........#
............#
#.........#
#.........# #.#
######.#####
#..........#
#.......w..#
#........@)#
#..........#
#..............
#...........###
#...........#
#...........#
#..........##
####.##...##


You could see a worm.

Vanquished Creatures
  An endoplasm (D:1)
  2 goblins
  A kobold (D:1)
4 creatures vanquished.

Vanquished Creatures (others)
  6 plants (D:1)
6 creatures vanquished.

Grand Total: 10 creatures vanquished

Notes
Turn   | Place    | Note
-------+----------+-------------------------------------------
     0 | D:1      | zap2161 the Deep Elf Hedge Wizard began the quest for the
                  | Orb.
     0 | D:1      | Reached XP level 1. HP: 10/10 MP: 7/7
    56 | D:1      | Learned a level 1 spell: Slow
   758 | D:2      | Mangled by a worm

Illustrated notes

Levels and vault maps discovered:
D:1:      roderic_crop_circles_arrival_small, layout_loops_ring,
          chequers_ecumenical_altar_grove
D:2:      minmay_alternating_diamond, layout_rooms, minmay_heptomino_w4,
          uniq_natasha

Action                   || total
-------------------------++-------
Melee: Dagger            ||    20
 Cast: Magic Dart        ||    19
       Slow              ||     5
Armor: Robe              ||     1
Dodge: Dodged            ||     4

Table legend: (Time is in decaauts)
 A = Elapsed time spent in this place.
 B = Non-inter-level travel time spent in this place.
 C = Inter-level travel time spent in this place.
 D = Time resting spent in this place.
 E = Time spent auto-exploring this place.
 F = Levels seen in this place.
 G = Mean time per level.
                   A        B        C        D        E       F      G
               +--------+--------+--------+--------+--------+-----+--------+
         Total |    758 |    758 |      0 |      0 |      0 |   2 |  379.0 |
       Dungeon |    758 |    758 |      0 |      0 |      0 |   2 |  379.0 |
               +--------+--------+--------+--------+--------+-----+--------+

Top non-repeatable levels by time:
     D:1: 696 daAuts
     D:2: 62 daAuts
